Warning! The script has encountered some errors when parsing the replay. Please report them to the . » details
0x00, prev: 0x16: 16 02 01 00 B6 8E 00 00 BC 8E 00 00 [00] 00 00 00 00 00 00 00 00 00 00 00 00 00 00 00 00 00 00 00 00 00 00 00 00 00
0x00, prev: 0x00: 16 02 01 00 B6 8E 00 00 BC 8E 00 00 00 00 00 00 00 00 00 00 00 00 00 00 00 00 00 00 00 00 00 00 00 00 00 00 [00] 00
General information
- name: BNet
- type: Ladder team game (AT/RT)
- host: Battle.net
- saver: RadiuS.x
map: Battleground
- players: 8
- length: 32:58
- speed: Fast
- version: 1.23 W3XP
- replay type: Public
» download(188 KB)
Players
team 1 (winner)
RadiuS.x (
green | 48 APM | 1569 actions | 32:58)
6 Mountain King
3 Storm Bolt
2 Bash
1 Avatar
» actions
| Basic commands | 132 | |
| Build / train | 99 | |
| Enter build submenu | 48 | |
| Enter hero's abilities submenu | 6 | |
| Remove unit from queue | 1 | |
| Right click | 492 | |
| Select / deselect | 724 | |
| Use ability | 67 | |
1569 total
» units
| Peasant | 7 | |
| Footman | 31 | |
| Rifleman | 25 | |
| Dragonhawk Rider | 2 | |
65 total
» upgrades
| Defend | 1 | |
| Swords | 2 | |
| Long Rifles | 1 | |
| Lumber Harvesting | 1 | |
| Masonry | 1 | |
6 total
» buildings
| Altar of Kings | 1 | |
| Barracks | 2 | |
| Farm | 11 | |
| Lumber Mill | 1 | |
| Blacksmith | 1 | |
| Keep | 1 | |
| Scout Tower | 23 | |
| Guard Tower | 18 | |
| Town Hall | 1 | |
| Gryphon Aviary | 2 | |
| Castle | 1 | |
| Arcane Vault | 1 | |
63 total
» build order
00:06 Altar of Kings
00:09 Barracks
00:15 Farm
00:56 Farm
01:35 Farm
02:16 Farm
02:58 Lumber Mill
04:01 Blacksmith
06:39 Farm
06:45 Farm
06:48 Farm
06:52 Farm
07:06 Farm
08:35 Keep
09:58 Barracks
15:13 Farm
15:17 Farm
18:30 Scout Tower
18:46 Scout Tower
18:49 Scout Tower
19:03 Scout Tower
19:04 Guard Tower
19:07 Scout Tower
19:20 Guard Tower
19:22 Guard Tower
19:24 Scout Tower
19:27 Scout Tower
19:37 Guard Tower
19:40 Scout Tower
19:43 Scout Tower
19:44 Guard Tower
19:58 Guard Tower
19:59 Guard Tower
20:11 Guard Tower
20:38 Guard Tower
20:39 Guard Tower
26:35 Town Hall
29:36 Gryphon Aviary
29:47 Gryphon Aviary
30:44 Castle
30:49 Arcane Vault
31:16 Scout Tower
31:18 Scout Tower
31:20 Scout Tower
31:24 Scout Tower
31:32 Scout Tower
31:34 Scout Tower
31:36 Scout Tower
31:38 Scout Tower
31:49 Scout Tower
31:58 Scout Tower
31:59 Guard Tower
32:04 Scout Tower
32:05 Guard Tower
32:06 Guard Tower
32:07 Guard Tower
32:09 Scout Tower
32:12 Scout Tower
32:15 Scout Tower
32:40 Guard Tower
32:41 Guard Tower
32:41 Guard Tower
32:52 Guard Tower
LSTplceBESTplyR (
red | 23 APM | 754 actions | 32:54)
3 Keeper of the Grove
2 Entangling Roots
1 Thorns Aura
» actions
| Basic commands | 26 | |
| Build / train | 35 | |
| Enter build submenu | 15 | |
| Enter hero's abilities submenu | 3 | |
| Remove unit from queue | 2 | |
| Right click | 442 | |
| Select / deselect | 209 | |
| Use ability | 21 | |
754 total
» units
| Wisp | 11 | |
| Huntress | 4 | |
| Glaive Thrower | 3 | |
| Chimaera | 6 | |
| Hippogryph | 2 | |
26 total
» upgrades
» buildings
| Moon Well | 7 | |
| Ancient of War | 1 | |
| Hunter's Hall | 1 | |
| Altar of Elders | 1 | |
| Tree of Ages | 1 | |
| Tree of Eternity | 1 | |
| Ancient of Wind | 1 | |
| Chimaera Roost | 3 | |
16 total
» build order
00:25 Moon Well
01:10 Ancient of War
01:16 Hunter's Hall
01:30 Altar of Elders
02:52 Moon Well
03:17 Moon Well
03:50 Moon Well
05:03 Tree of Ages
07:29 Tree of Eternity
07:35 Ancient of Wind
10:06 Chimaera Roost
10:08 Chimaera Roost
10:10 Chimaera Roost
10:38 Moon Well
10:43 Moon Well
10:48 Moon Well
facepalm. (
teal | 111 APM | 3637 actions | 32:54)
7 Archmage
3 Summon Water Elemental
3 Brilliance Aura
1 Mass Teleport
6 Mountain King
3 Storm Bolt
2 Bash
1 Avatar
4 Paladin
2 Holy Light
2 Divine Shield
» actions
| Assign group hotkey | 100 | |
| Basic commands | 237 | |
| Build / train | 105 | |
| ESC pressed | 4 | |
| Enter build submenu | 44 | |
| Enter hero's abilities submenu | 18 | |
| Right click | 1266 | |
| Select / deselect | 611 | |
| Select group hotkey | 1028 | |
| Use ability | 224 | |
3637 total
» units
| Peasant | 12 | |
| Rifleman | 8 | |
| Mortar Team | 3 | |
| Dragonhawk Rider | 17 | |
40 total
» upgrades
| Lumber Harvesting | 1 | |
| Masonry | 3 | |
| Gunpowder | 3 | |
| Long Rifles | 1 | |
| Flare | 1 | |
| Cloud | 1 | |
| Animal War Training | 1 | |
| Armor | 3 | |
| Swords | 1 | |
15 total
» buildings
| Altar of Kings | 2 | |
| Farm | 11 | |
| Blacksmith | 1 | |
| Barracks | 1 | |
| Arcane Vault | 1 | |
| Keep | 4 | |
| Lumber Mill | 1 | |
| Scout Tower | 12 | |
| Guard Tower | 10 | |
| Workshop | 1 | |
| Arcane Tower | 2 | |
| Cannon Tower | 3 | |
| Gryphon Aviary | 5 | |
| Castle | 2 | |
| Town Hall | 4 | |
60 total
» build order
00:08 Altar of Kings
00:32 Farm
00:46 Blacksmith
01:08 Barracks
01:26 Farm
01:58 Farm
03:00 Arcane Vault
03:30 Keep
03:30 Keep
03:54 Farm
04:12 Lumber Mill
04:13 Scout Tower
04:15 Scout Tower
04:35 Scout Tower
04:37 Scout Tower
05:17 Guard Tower
05:21 Guard Tower
05:21 Guard Tower
05:27 Guard Tower
05:27 Guard Tower
05:37 Farm
05:40 Scout Tower
06:19 Workshop
06:34 Guard Tower
06:37 Scout Tower
07:06 Arcane Tower
07:12 Farm
08:12 Scout Tower
08:15 Scout Tower
08:56 Cannon Tower
09:18 Cannon Tower
09:21 Farm
10:19 Scout Tower
10:20 Scout Tower
10:21 Scout Tower
10:23 Scout Tower
10:54 Cannon Tower
11:21 Guard Tower
11:21 Arcane Tower
11:57 Gryphon Aviary
13:47 Castle
13:48 Castle
13:49 Guard Tower
13:49 Guard Tower
14:40 Gryphon Aviary
15:25 Altar of Kings
16:23 Gryphon Aviary
17:38 Town Hall
17:42 Town Hall
17:56 Farm
18:25 Farm
18:25 Farm
18:28 Farm
25:02 Town Hall
26:29 Town Hall
30:51 Gryphon Aviary
30:52 Gryphon Aviary
32:28 Keep
» items
| Scroll of Regeneration | 5 | |
| Scroll of Town Portal | 1 | |
| Lesser Clarity Potion | 1 | |
7 total

»
avid.milk2 (
pink | 43 APM | 612 actions | 14:20)
1 Tauren Chieftain
1 Endurance Aura
» actions
| Assign group hotkey | 38 | |
| Basic commands | 87 | |
| Build / train | 26 | |
| Enter build submenu | 45 | |
| Enter hero's abilities submenu | 1 | |
| Right click | 184 | |
| Select / deselect | 163 | |
| Select group hotkey | 18 | |
| Use ability | 50 | |
612 total
» units
» buildings
| Altar of Storms | 1 | |
| Orc Burrow | 2 | |
| War Mill | 1 | |
| Watch Tower | 38 | |
42 total
» build order
00:32 Altar of Storms
00:35 Orc Burrow
01:10 War Mill
04:57 Watch Tower
04:58 Watch Tower
04:59 Watch Tower
04:59 Watch Tower
05:00 Watch Tower
05:00 Watch Tower
05:01 Watch Tower
05:02 Watch Tower
05:03 Watch Tower
05:05 Watch Tower
05:07 Watch Tower
07:24 Watch Tower
07:49 Watch Tower
08:18 Watch Tower
08:38 Watch Tower
08:54 Watch Tower
09:01 Orc Burrow
09:09 Watch Tower
09:26 Watch Tower
12:09 Watch Tower
12:10 Watch Tower
12:10 Watch Tower
12:11 Watch Tower
12:12 Watch Tower
12:12 Watch Tower
12:13 Watch Tower
12:14 Watch Tower
12:15 Watch Tower
12:18 Watch Tower
12:19 Watch Tower
12:42 Watch Tower
12:44 Watch Tower
12:48 Watch Tower
12:50 Watch Tower
12:53 Watch Tower
12:55 Watch Tower
12:59 Watch Tower
13:08 Watch Tower
13:41 Watch Tower
» items
team 2 (loser)
I_TK_WhenImPink (
purple | 30 APM | 993 actions | 32:53)
1 Blademaster
1 Mirror Image
4 Priestess of the Moon
2 Searing Arrows
1 Trueshot Aura
1 Starfall
» actions
| Assign group hotkey | 19 | |
| Basic commands | 97 | |
| Build / train | 50 | |
| Enter build submenu | 43 | |
| Enter hero's abilities submenu | 5 | |
| Remove unit from queue | 4 | |
| Right click | 419 | |
| Select / deselect | 261 | |
| Select group hotkey | 24 | |
| Use ability | 70 | |
993 total
» units
| Peon | 16 | |
| Grunt | 2 | |
| Demolisher | 3 | |
| Shaman | 4 | |
| Wind Rider | 5 | |
| Dryad | 3 | |
| Wisp | 1 | |
34 total
» upgrades
| Spiked Barricades | 1 | |
| Shaman Training | 2 | |
| Envenomed Spears | 1 | |
4 total
» buildings
| War Mill | 2 | |
| Orc Burrow | 6 | |
| Watch Tower | 20 | |
| Altar of Storms | 1 | |
| Voodoo Lounge | 2 | |
| Barracks | 2 | |
| Stronghold | 1 | |
| Spirit Lodge | 2 | |
| Beastiary | 2 | |
| Fortress | 1 | |
| Moon Well | 2 | |
| Great Hall | 1 | |
42 total
» build order
00:07 War Mill
00:12 Orc Burrow
01:13 Orc Burrow
02:14 Watch Tower
02:50 Watch Tower
02:59 Watch Tower
03:09 Watch Tower
03:21 Orc Burrow
03:55 Watch Tower
04:10 Watch Tower
04:13 Watch Tower
04:29 Watch Tower
04:48 Watch Tower
04:52 Watch Tower
05:16 Watch Tower
05:37 Watch Tower
05:57 Watch Tower
06:07 Watch Tower
06:15 Watch Tower
06:22 Altar of Storms
06:29 Voodoo Lounge
06:33 Voodoo Lounge
07:05 Barracks
07:11 Watch Tower
07:27 Watch Tower
08:00 Watch Tower
08:10 Stronghold
08:20 Barracks
08:47 Watch Tower
08:50 Watch Tower
11:03 Spirit Lodge
11:07 Spirit Lodge
13:22 Orc Burrow
13:25 Orc Burrow
14:49 Beastiary
14:53 Beastiary
16:04 Fortress
16:07 Orc Burrow
16:14 War Mill
20:42 Moon Well
21:09 Moon Well
22:16 Great Hall
serendip. (
yellow | 26 APM | 863 actions | 32:50)
8 Demon Hunter
3 Immolation
3 Evasion
1 Metamorphosis
1 Mana Burn
» actions
| Assign group hotkey | 7 | |
| Build / train | 65 | |
| Enter build submenu | 20 | |
| Enter hero's abilities submenu | 7 | |
| Right click | 377 | |
| Select / deselect | 234 | |
| Select group hotkey | 119 | |
| Use ability | 34 | |
863 total
» units
| Wisp | 12 | |
| Huntress | 6 | |
| Chimaera | 5 | |
| Hippogryph | 15 | |
38 total
» upgrades
| Strength of the Wild | 3 | |
| Reinforced Hides | 3 | |
| Corrosive Breath | 1 | |
7 total
» buildings
| Altar of Elders | 1 | |
| Moon Well | 9 | |
| Hunter's Hall | 1 | |
| Ancient of War | 1 | |
| Tree of Ages | 1 | |
| Ancient of Wind | 1 | |
| Tree of Eternity | 1 | |
| Chimaera Roost | 4 | |
| Tree of Life | 1 | |
20 total
» build order
00:15 Altar of Elders
00:23 Moon Well
01:29 Hunter's Hall
01:46 Ancient of War
02:03 Moon Well
02:52 Tree of Ages
03:36 Moon Well
04:43 Moon Well
05:28 Ancient of Wind
05:38 Tree of Eternity
06:09 Moon Well
06:57 Moon Well
09:28 Chimaera Roost
09:35 Chimaera Roost
09:39 Chimaera Roost
09:46 Chimaera Roost
12:22 Moon Well
18:45 Moon Well
22:00 Moon Well
32:22 Tree of Life
» items

»
ToxicFart (
blue | 26 APM | 830 actions | 32:24)
4 Far Seer
2 Feral Spirit
2 Chain Lighting
» actions
| Assign group hotkey | 10 | |
| Build / train | 76 | |
| Enter build submenu | 24 | |
| Enter hero's abilities submenu | 4 | |
| Remove unit from queue | 5 | |
| Right click | 204 | |
| Select / deselect | 392 | |
| Select group hotkey | 16 | |
| Use ability | 99 | |
830 total
» units
| Peon | 10 | |
| Kodo Beast | 5 | |
| Spirit Walker | 4 | |
| Shaman | 9 | |
| Troll Witch Doctor | 10 | |
| Raider | 15 | |
53 total
» upgrades
| Shaman Training | 2 | |
| Spirit Walker Training | 0 | |
| Witch Doctor Training | 2 | |
| War Drums Damage Increase | 1 | |
| Melee Weapons | 2 | |
| Armor | 3 | |
| Ensnare | 1 | |
11 total
» buildings
| Orc Burrow | 7 | |
| Altar of Storms | 2 | |
| War Mill | 1 | |
| Stronghold | 1 | |
| Voodoo Lounge | 1 | |
| Watch Tower | 14 | |
| Spirit Lodge | 2 | |
| Beastiary | 1 | |
| Fortress | 1 | |
| Great Hall | 2 | |
32 total
» build order
00:09 Orc Burrow
00:12 Altar of Storms
01:21 War Mill
01:45 Orc Burrow
02:35 Stronghold
03:14 Orc Burrow
03:18 Voodoo Lounge
03:29 Watch Tower
03:31 Watch Tower
04:58 Spirit Lodge
05:01 Spirit Lodge
05:04 Beastiary
06:41 Fortress
08:32 Orc Burrow
11:04 Great Hall
11:12 Orc Burrow
20:49 Orc Burrow
22:39 Orc Burrow
25:26 Watch Tower
25:27 Watch Tower
27:49 Watch Tower
27:49 Watch Tower
27:50 Watch Tower
27:51 Watch Tower
27:52 Watch Tower
27:59 Watch Tower
27:59 Watch Tower
28:00 Watch Tower
28:01 Watch Tower
28:02 Watch Tower
30:13 Altar of Storms
31:17 Great Hall
flopfl1 (
orange | 28 APM | 425 actions | 14:55)
3 Priestess of the Moon
2 Trueshot Aura
1 Searing Arrows
1 Keeper of the Grove
1 Force of Nature
» actions
| Build / train | 50 | |
| Enter build submenu | 16 | |
| Enter hero's abilities submenu | 4 | |
| Remove unit from queue | 1 | |
| Right click | 164 | |
| Select / deselect | 168 | |
| Use ability | 20 | |
425 total
» units
| Wisp | 12 | |
| Archer | 10 | |
| Huntress | 7 | |
| Druid of the Talon | 5 | |
| Dryad | 2 | |
| Druid of the Claw | 1 | |
37 total
» upgrades
| Improved Bows | 1 | |
| Marksmanship | 1 | |
| Upgrade Moon Glaive | 1 | |
| Strength of the Moon | 1 | |
4 total
» buildings
| Altar of Elders | 1 | |
| Ancient of War | 1 | |
| Moon Well | 3 | |
| Hunter's Hall | 1 | |
| Tree of Ages | 1 | |
| Tree of Eternity | 1 | |
| Ancient of Wind | 1 | |
| Ancient of Lore | 1 | |
| Ancient Protector | 4 | |
14 total
» build order
00:08 Altar of Elders
00:43 Ancient of War
01:13 Moon Well
02:11 Moon Well
02:38 Moon Well
03:19 Hunter's Hall
04:06 Tree of Ages
06:35 Tree of Eternity
06:38 Ancient of Wind
06:41 Ancient of Lore
10:43 Ancient Protector
10:56 Ancient Protector
11:09 Ancient Protector
11:25 Ancient Protector
Chat log
(00:17 / Allies) LSTplceBESTplyR: hey
(00:20 / Allies) LSTplceBESTplyR: rush
(00:22 / All) RadiuS.x: hey, how about purple? do you TK when you're purple?
(00:25 / Allies) RadiuS.x: foots
(00:26 / Allies) RadiuS.x: for rush
(00:34 / All) I_TK_WhenImPink: no u faggot
(00:39 / All) RadiuS.x: aww ]:
(00:41 / All) I_TK_WhenImPink: can u read
(00:48 / All) LSTplceBESTplyR: u dont know wat its like to be me in my shoes, beautiful ba eminem
(00:49 / All) avid.milk2: IM PINK
(00:55 / All) avid.milk2: DOES THAT MEAN I HAVE TO TK?
(00:55 / All) I_TK_WhenImPink: u should TK
(00:58 / All) I_TK_WhenImPink: yes
(00:59 / All) RadiuS.x: yes pink
(01:02 / All) RadiuS.x: wait no
(01:03 / All) RadiuS.x: no
(01:23 / All) avid.milk2: i dont even know how to tk with shitty orc
(01:32 / All) I_TK_WhenImPink: orc is the easiest
(01:32 / All) LSTplceBESTplyR: lol
(01:36 / All) I_TK_WhenImPink: tower in your ally's base
(01:38 / All) I_TK_WhenImPink: dumb fuck
(01:40 / All) RadiuS.x: why would you want to TK? o.O
(01:42 / All) I_TK_WhenImPink: its fun, try it out
(01:55 / All) LSTplceBESTplyR: pink i play with u all the time
(02:02 / All) LSTplceBESTplyR: on phillies phever
(02:06 / All) avid.milk2: hes green moron
(02:08 / All) LSTplceBESTplyR: and messaroundaccnt
(02:15 / All) avid.milk2: RAFFLE
(02:19 / All) avid.milk2: RUFFLES
(02:28 / Allies) LSTplceBESTplyR: im goin chims
(02:46 / Allies) RadiuS.x: what are u getting for rush
(02:47 / Allies) RadiuS.x: red
(02:51 / All) avid.milk2: battleground is a map for bitch made ass bitch boy bitches
(03:04 / All) LSTplceBESTplyR: um
(04:19 / All) LSTplceBESTplyR: towers
(04:23 / All) LSTplceBESTplyR: purps
(04:26 / All) LSTplceBESTplyR: nice
(04:29 / Allies) LSTplceBESTplyR: build towers
(04:32 / Allies) LSTplceBESTplyR: and morts
(04:39 / Allies) RadiuS.x: we should hit purple...
(04:49 / Allies) LSTplceBESTplyR: lets go
(04:51 / Allies) RadiuS.x: meet
(04:57 / Allies) LSTplceBESTplyR: ima make ballistas
(05:03 / Allies) RadiuS.x: pink wtf
(05:07 / Allies) RadiuS.x: pink no...
(05:08 / Allies) RadiuS.x: please
(05:14 / Allies) RadiuS.x: i beg of you pink
(05:16 / All) avid.milk2: green is a serious player
(05:25 / All) avid.milk2: serious beans
(05:28 / All) avid.milk2: losing means a lot to him
(05:31 / All) avid.milk2: he will cry tonight
(05:34 / All) LSTplceBESTplyR: hes tking
(05:42 / Allies) RadiuS.x: pink
(05:42 / Allies) RadiuS.x: wtf
(05:43 / Allies) RadiuS.x: dont
(05:45 / Allies) RadiuS.x: make units plz
(07:23 / Allies) RadiuS.x: k
(07:28 / Allies) RadiuS.x: out only chance is if we hit purple
(07:29 / Allies) RadiuS.x: let's meet
(07:30 / Allies) avid.milk2: wood plz
(07:40 / Allies) RadiuS.x: meet
(07:48 / Allies) LSTplceBESTplyR: kill pink 1st
(08:01 / Allies) avid.milk2: u think u got time 4 that?
(08:05 / Allies) LSTplceBESTplyR: pink
(08:09 / Allies) LSTplceBESTplyR: ur a nolife fagget
(08:11 / Allies) avid.milk2: NERDGAY
(08:17 / Allies) LSTplceBESTplyR: im nt a nerd
(08:19 / Allies) LSTplceBESTplyR: at all
(08:20 / Allies) LSTplceBESTplyR: lol
(08:22 / Allies) RadiuS.x: NO
(08:23 / Allies) RadiuS.x: red
(08:24 / Allies) RadiuS.x: forget pink
(08:25 / Allies) LSTplceBESTplyR: jus a gama
(08:26 / Allies) RadiuS.x: don't kill him
(08:27 / All) avid.milk2: go home and wipe your glasses
(08:27 / Allies) RadiuS.x: just meet
(08:33 / Allies) avid.milk2: they are covered in tears
(08:41 / Allies) LSTplceBESTplyR: im home
(08:44 / Allies) LSTplceBESTplyR: and i don t wear them
(08:46 / Allies) avid.milk2: good
(08:48 / Allies) avid.milk2: short trip
(08:50 / Allies) avid.milk2: wipe them now
(08:54 / Allies) facepalm.: wood
(09:05 / Allies) facepalm.: red
(09:06 / Allies) facepalm.: wood
(09:07 / Allies) facepalm.: please
(10:09 / Allies) RadiuS.x: OUT
(10:14 / Allies) RadiuS.x: OUT
(10:27 / Allies) RadiuS.x: pink i beg u
(10:29 / Allies) RadiuS.x: to please not TK us
(10:31 / Allies) RadiuS.x: and try and play
(10:42 / Allies) avid.milk2: beg more nerd
(10:43 / Allies) avid.milk2: rofl
(10:53 / Allies) LSTplceBESTplyR: pink
(10:56 / Allies) LSTplceBESTplyR: has no friends
(11:10 / Allies) LSTplceBESTplyR: \
(11:31 / Allies) LSTplceBESTplyR: ur not just wasting time playing this, ur tking ppl on a game and u say we r nerds u fag
(11:44 / Allies) RadiuS.x: red
(11:46 / Allies) RadiuS.x: we need to hit purple
(11:54 / Allies) RadiuS.x: after u get chims
(11:57 / Allies) RadiuS.x: we hit purp
(12:00 / Allies) LSTplceBESTplyR: k
(12:17 / Allies) LSTplceBESTplyR: pink
(12:20 / Allies) LSTplceBESTplyR: has no balls
(12:25 / Allies) avid.milk2: round 2: FIGHT
(12:45 / Allies) RadiuS.x: red
(12:47 / Allies) RadiuS.x: go kill his base
(12:48 / Allies) RadiuS.x: with chims
(13:01 / Allies) facepalm.: you kids waste so much time
(13:31 / Allies) facepalm.: give me wood
(13:32 / Allies) facepalm.: wow
(13:33 / Allies) facepalm.: send it
(14:17 / Allies) avid.milk2: if you guys can win this now id be surprised
(14:19 / All) avid.milk2: GEE GEE
(14:31 / Allies) RadiuS.x: k
(14:32 / Allies) RadiuS.x: red
(14:33 / Allies) RadiuS.x: now take pink
(14:35 / Allies) RadiuS.x: build
(14:40 / Allies) LSTplceBESTplyR: can u plz
(14:42 / Allies) RadiuS.x: k
(14:43 / Allies) RadiuS.x: i wil
(14:45 / Allies) LSTplceBESTplyR: i cant
(14:49 / Allies) RadiuS.x: i will
(15:01 / Allies) RadiuS.x: nice
(15:03 / Allies) RadiuS.x: one left
(15:29 / All) LSTplceBESTplyR: wow
(17:04 / All) ToxicFart: i hate noobs.,...
(17:09 / All) LSTplceBESTplyR: :)
(17:10 / All) LSTplceBESTplyR: gg
(17:17 / Allies) RadiuS.x: meet
(17:19 / Allies) facepalm.: its hardly over
(17:19 / All) LSTplceBESTplyR: sry u have yellow
(17:23 / Allies) facepalm.: they have mass air
(17:30 / Allies) LSTplceBESTplyR: i know
(17:34 / Allies) LSTplceBESTplyR: tryin to get them to leave
(17:43 / Allies) RadiuS.x: meet
(17:44 / All) ToxicFart: no one on my team has any units for my casters to work...
(17:57 / All) LSTplceBESTplyR: purp fails
(18:15 / Allies) LSTplceBESTplyR: typ??
(18:16 / Allies) LSTplceBESTplyR: nvm
(18:17 / Allies) RadiuS.x: repair main
(18:17 / Allies) LSTplceBESTplyR: just go
(18:21 / Allies) RadiuS.x: hit
(19:03 / All) ToxicFart: AFK OJ...
(19:18 / All) LSTplceBESTplyR: sry
(20:02 / Allies) LSTplceBESTplyR: tp to green n teal
(20:07 / Allies) facepalm.: wait
(20:54 / Allies) LSTplceBESTplyR: no teal
(21:16 / Allies) LSTplceBESTplyR: iu left tome
(21:27 / Allies) RadiuS.x: HIT ORANGE
(21:56 / Allies) RadiuS.x: main
(21:57 / Allies) RadiuS.x: main
(22:03 / All) RadiuS.x: wow, funny thing is... pink BSed us
(22:07 / All) RadiuS.x: half our time we had to take care of him
(22:09 / Allies) LSTplceBESTplyR: iidiot
(22:10 / All) RadiuS.x: he tried towering my base
(22:13 / All) RadiuS.x: millions of times
(22:13 / Allies) LSTplceBESTplyR: dont tell them
(22:15 / Allies) LSTplceBESTplyR: wow
(22:16 / Allies) RadiuS.x: it's over
(22:19 / Allies) RadiuS.x: doesn't matter
(22:19 / Allies) RadiuS.x: we won
(22:23 / Allies) LSTplceBESTplyR: ...
(22:24 / Allies) LSTplceBESTplyR: not rly
(22:30 / Allies) RadiuS.x: yes
(22:30 / Allies) RadiuS.x: we did
(22:48 / Allies) RadiuS.x: besides, you already did tell them
(22:50 / Allies) RadiuS.x: he BSed us
(22:58 / Allies) LSTplceBESTplyR: they forget klol
(24:19 / Allies) RadiuS.x: meet
(24:22 / Allies) LSTplceBESTplyR: teal
(24:23 / Allies) RadiuS.x: LOL
(24:24 / Allies) LSTplceBESTplyR: green
(24:24 / Allies) RadiuS.x: don't hit blue
(24:26 / Allies) RadiuS.x: not yet
(24:27 / Allies) LSTplceBESTplyR: take mines
(24:39 / Allies) LSTplceBESTplyR: 2 each expo
(24:41 / Allies) LSTplceBESTplyR: then hit
(24:57 / All) RadiuS.x: k now we just have to finish blue meet
(24:58 / Allies) RadiuS.x: dont
(25:02 / Allies) RadiuS.x: was just to confuse them
(25:18 / Allies) LSTplceBESTplyR: expo
(25:21 / Allies) LSTplceBESTplyR: and stuff
(25:39 / Allies) LSTplceBESTplyR: green expo
(25:41 / Allies) RadiuS.x: i am
(25:42 / Allies) RadiuS.x: now
(25:49 / All) RadiuS.x: am
(25:56 / Allies) LSTplceBESTplyR: lol
(26:20 / Allies) RadiuS.x: teal
(26:21 / Allies) RadiuS.x: unit there
(26:22 / Allies) RadiuS.x: of blue
(26:24 / Allies) facepalm.: k just got call from work need to hurry up
(27:18 / All) ToxicFart: nope
(27:29 / All) RadiuS.x: wow
(27:32 / Allies) RadiuS.x: shit
(27:35 / Allies) facepalm.: lets just hit i have to go
(27:35 / Allies) RadiuS.x: think we can take all that shit?
(27:38 / Allies) facepalm.: yes
(27:58 / Allies) LSTplceBESTplyR: green micro hippos
(28:05 / Allies) LSTplceBESTplyR: take teal take chims
(28:08 / Allies) LSTplceBESTplyR: i own ground
(28:08 / Allies) LSTplceBESTplyR: go
(29:09 / Allies) RadiuS.x: out
(29:19 / Allies) RadiuS.x: i knew it
(29:22 / Allies) RadiuS.x: GET UNITS
(29:22 / Allies) RadiuS.x: FAST
(29:24 / Allies) RadiuS.x: TOWER UR BASE
(29:27 / Allies) RadiuS.x: TOWER UR BASE
(29:28 / Allies) RadiuS.x: UNITS
(29:33 / Allies) facepalm.: give me wood
(29:43 / Allies) LSTplceBESTplyR: i knew it
(29:44 / Allies) LSTplceBESTplyR: w/e
(30:06 / Allies) LSTplceBESTplyR: green
(30:09 / Allies) LSTplceBESTplyR: u didnt kil lhippos..
(30:15 / Allies) RadiuS.x: i couldn't
(30:36 / All) I_TK_WhenImPink: gg u fuckheads
(30:46 / Allies) LSTplceBESTplyR: upgrade expos
(31:00 / Allies) RadiuS.x: we're fucked...
(31:01 / Allies) LSTplceBESTplyR: own hippos
(31:03 / Allies) LSTplceBESTplyR: teal
(31:19 / Allies) facepalm.: were fine
(31:38 / All) facepalm.: spoke too soon brah
(31:43 / Allies) LSTplceBESTplyR: told u
(31:43 / Allies) RadiuS.x: GOLD ME
(31:45 / Allies) RadiuS.x: AND LUMBER
(31:46 / Allies) RadiuS.x: NOW
(32:18 / Allies) RadiuS.x: RED
(32:20 / Allies) RadiuS.x: GIVE ME ALL GOLD
(32:21 / Allies) RadiuS.x: AND LUIMBER
(32:24 / Allies) LSTplceBESTplyR: non
(32:35 / Allies) facepalm.: thats an illusion
(32:47 / Allies) LSTplceBESTplyR: rifles?
(32:53 / All) LSTplceBESTplyR: gg